 Dungeon Crawl Stone Soup version 0.19.1 (webtiles) character file.

396 Gargo the Digger (level 6, -5/32 HPs)
             Began as a Gargoyle Earth Elementalist on Dec 9, 2016.
             Slain by an ogre
             ... wielding a +0 giant club
              (21 damage)
             ... on level 5 of the Dungeon.
             The game lasted 00:12:29 (3819 turns).

Gargo the Digger (Gargoyle Earth Elementalist)      Turns: 3819, Time: 00:12:29

Health: -5/32      AC:  7    Str: 11    XL:     6   Next: 82%
Magic:  6/13       EV: 12    Int: 18    God:
Gold:   190        SH:  0    Dex: 10    Spells: 3 memorised, 5 levels left

rFire  . . .     SeeInvis .     a - +1 short sword (flame)
rCold  . . .     Gourm    .     c - +0 robe
rNeg   + . .     Faith    .     (no shield)
rPois  ∞         Spirit   .     (no helmet)
rElec  +         Reflect  .     (no cloak)
rCorr  .         Harm     .     w - +0 pair of gloves
MR     .....                    (no boots)
Stlth  +.........               (no amulet)
                                (no ring)
                                (no ring)

@: confused
A: negative energy resistance 1, electricity resistance, unbreathing,
petrification resistance, rot immunity, AC +4
a: no special abilities


You were on level 5 of the Dungeon.
You were hungry.

You visited 1 branch of the dungeon, and saw 6 of its levels.

You collected 190 gold pieces.

Inventory:

Hand Weapons
 a - a +1 short sword of flaming (weapon)
 q - a +0 whip
 y - a +0 whip of draining
Missiles
 b - 86 stones (quivered)
 i - 5 needles of confusion
Armour
 c - a +0 robe (worn)
 w - a +0 pair of gloves (worn)
Wands
 g - a wand of teleportation (3/9)
Scrolls
 h - 2 scrolls of recharging {unknown}
 l - a scroll of remove curse {unknown}
 m - a scroll of blinking {unknown}
 n - 3 scrolls of identify {unknown}
 o - a scroll of teleportation {unknown}
 p - a scroll of fear {unknown}
 t - a scroll of immolation {unknown}
Potions
 f - a potion of lignification {unknown}
 j - 2 potions of flight
 k - a potion of agility
 r - a potion of heal wounds
 u - a potion of berserk rage {unknown}
Books
 e - a book of Geomancy

   Spells                             Type                      Level
   a - Sandblast                      Earth                        1
   b - Passwall                       Transmutation/Earth          2
   c - Stone Arrow                    Conjuration/Earth            3
   d - Petrify                        Transmutation/Earth          4
   e - Lee's Rapid Deconstruction     Earth                        5
Comestibles
 d - 3 bread rations
 s - a meat ration
 v - a beef jerky


   Skills:
 - Level 1.5 Dodging
 - Level 2.1 Stealth
 * Level 4.8 Spellcasting
 + Level 3.1 Conjurations
   Level 0.7 Transmutations
 + Level 5.6 Earth Magic


You had 5 spell levels left.
You knew the following spells:

 Your Spells              Type           Power        Failure   Level  Hunger
a - Sandblast             Erth           ###...       1%          1    None
b - Lee's Rapid Deconstr  Erth           ###.......   41%         5    ######.
A - Stone Arrow           Conj/Erth      ###...       10%         3    ###....


Dungeon Overview and Level Annotations

Branches:
Dungeon (6/15)
 Temple: D:4-7

Altars:
Ashenzari
Cheibriados
Dithmenos

Annotations:
D:3 Philosophy's ghost, amateur FoFi
D:4 Pikel; Sigmund


Innate Abilities, Weirdness & Mutations

You are resistant to torment.
Your stone body is resilient. (AC +4)
You are immune to poison.
You resist negative energy. (rN+)
You are resistant to electric shocks. (rElec)
You can survive without breathing.
You are immune to petrification.
You are immune to rotting.


Message History

You barely miss something.
You hear some strange, mumbled words.
A puff of flame appears from out of thin air!
The puff of flame hits you!
You miss something. Something hits you but does no damage.
You barely miss something.
You hear some strange, mumbled words.
You are confused.
You hear some strange, mumbled words.
A magic dart appears from out of thin air!
The magic dart hits you!
Okay, then.
You hear some strange, mumbled words.
Something tries to affect you, but you resist.
You hear some strange, mumbled words.
A puff of flame appears from out of thin air!
The puff of flame hits you!
You're too confused to move!
The ogre hits you with a giant club!!
Ouch! That really hurt!
You die...

.... #......... .....
......... .....
#........ ......
......... .....)###.#
....#
......))..##......
.######...........
........O.........
..####...@.........
.................#
............#..### ##
.(........#...#..#...
............#........
..........#...#......
............#........
[....#.#....>.......
##...#.#............


You could see an ogre.

Vanquished Creatures
  Duvessa (D:5)
  2 slaves (D:5)
  A phantom (D:4)
  3 orc wizards (D:5)
  3 adders
  2 dart slugs (D:3)
  A worm (D:2)
  A leopard gecko (D:3)
  5 orcs
  2 ball pythons
  6 giant cockroaches
  11 goblins
  6 hobgoblins
  6 jackals
  2 quokkas
  9 bats
  2 frilled lizards
  8 kobolds
  8 rats
79 creatures vanquished.

Notes
Turn   | Place    | Note
-------+----------+-------------------------------------------
     0 | D:1      | Gargo the Gargoyle Earth Elementalist began the quest for the Orb.
     0 | D:1      | Reached XP level 1. HP: 10/10 MP: 3/3
   193 | D:1      | Reached XP level 2. HP: 15/15 MP: 3/5
   309 | D:1      | Reached skill level 4 in Earth Magic
   667 | D:1      | Reached XP level 3. HP: 16/19 MP: 4/7
   670 | D:1      | Found a shattered altar of Ashenzari.
   677 | D:1      | Learned a level 3 spell: Stone Arrow
  1785 | D:3      | Reached XP level 4. HP: 24/24 MP: 5/8
  1812 | D:3      | Noticed Philosophy's ghost (amateur FoFi)
  2434 | D:3      | Reached skill level 1 in Conjurations
  2777 | D:4      | Found a shadowy altar of Dithmenos.
  2777 | D:4      | Found a snail-covered altar of Cheibriados.
  2802 | D:5      | Entered Level 5 of the Dungeon
  3099 | D:4      | Noticed a phantom
  3110 | D:4      | Killed a phantom
  3110 | D:4      | Reached skill level 5 in Earth Magic
  3110 | D:4      | Reached XP level 5. HP: 19/28 MP: 1/11
  3196 | D:4      | Noticed a slave
  3225 | D:4      | Noticed Pikel
  3225 | D:4      | Noticed a slave
  3255 | D:4      | Noticed a slave
  3266 | D:4      | Noticed Sigmund
  3279 | D:5      | Noticed Duvessa
  3290 | D:5      | Killed a slave
  3296 | D:5      | Killed Duvessa
  3296 | D:5      | Reached XP level 6. HP: 32/32 MP: 0/12
  3303 | D:5      | Learned a level 5 spell: Lee's Rapid Deconstruction
  3394 | D:5      | Killed a slave
  3638 | D:4      | Noticed a slave
  3819 | D:5      | Slain by an ogre

Skill      XL: |  1  2  3  4  5  6 |
---------------+-------------------+-----
Earth Magic    | 4 5 |  5.6
Spellcasting   | 3 4 |  4.8
Conjurations   | 2 3 |  3.1
Dodging        | |  1.5
Stealth        | |  2.1
Transmutations | |  0.7

Action                   |  1- 3 |  4- 6 || total
-------------------------+-------+-------++-------
Melee: Unarmed           |    25 |       ||    25
       Whip              |    21 |     4 ||    25
       Short sword       |       |     8 ||     8
 Cast: Sandblast         |    80 |    86 ||   166
       Stone Arrow       |       |     2 ||     2
  Use: Potion            |       |     3 ||     3
 Stab: Sleeping          |     7 |     1 ||     8
  Eat: Chunk             |     3 |     6 ||     9
Armor: Robe              |    45 |    20 ||    65
Dodge: Dodged            |    72 |    51 ||   123
